 Dungeon Crawl Stone Soup version 0.31-a0-986-g5e6e4ef867 (webtiles) character file.

Game seed: 17221145122792578190

22 Dittersdorf the Shield-Bearer (level 3, 23/23 HPs)
             Began as a Meteoran Fighter on Nov 6, 2023.
             Quit the game on level 1 of the Dungeon.
             The game lasted 00:01:34 (636 turns).

Dittersdorf the Shield-Bearer (Meteoran Fighter)     Turns: 636, Time: 00:01:35

Health: 23/23      AC: 10    Str: 19    XL:     3   Next: 23%
Magic:  4/4        EV:  7    Int:  9    God:
Gold:   50         SH:  5    Dex: 14    Spells: 2/2 levels left

rFire   . . .        a - +0 long sword
rCold   . . .        c - +0 buckler
rNeg    . . .        m - +0 chain mail
rPois   .            (no helmet)
rElec   .            (no cloak)
rCorr   .            (no gloves)
SInv    .            f - +0 pair of boots
Will    .....        (no amulet) Stlth
                     (no ring)
HPRegen 0.23/turn    (no ring)
MPRegen 0.09/turn

%: no passive effects
@: glowing
A: sense surroundings 1, otherworldly, glowing, explore regen
a: no special abilities


You were on level 1 of the Dungeon.
You visited 1 branch of the dungeon, and saw 1 of its levels.

You collected 50 gold pieces.

Inventory:

Hand Weapons
 a - a +0 long sword (weapon)
Armour
 c - a +0 buckler (worn)
 f - a +0 pair of boots (worn)
 m - a +0 chain mail (worn)
Scrolls
 h - a scroll of identify {unknown}
 i - a scroll of enchant armour {unknown}
 j - a scroll of noise {unknown}
 l - a scroll of enchant weapon {unknown}
Potions
 b - 2 potions of brilliance {unknown}
 d - a potion of might
 e - 3 potions of mutation {unknown}
 g - a potion of heal wounds {unknown}
 k - a potion of attraction {unknown}
 n - a potion of resistance {unknown}


   Skills:
 + Level 3.5 Fighting
 + Level 2.9 Long Blades
 + Level 3.6 Armour
 + Level 3.6 Shields


You had 2 spell levels left.
You didn't know any spells.
Your spell library was empty.

Dungeon Overview and Level Annotations

Branches:
Dungeon (1/15) Zot: 143

Altars:

Shops:
D:1 *


Innate Abilities, Weirdness & Mutations

You passively map a small area around you.
You are easily found by Zot.
You glow in the dark.
You regain HP and MP as you explore.


Message History

No target in view!
No target in view!
No target in view!
No target in view!
No target in view!
No target in view!
You now have 50 gold pieces (gained 4).
Found a chain mail.
Okay, then.
You see here a +0 chain mail.
m - a +0 chain mail You start removing your armour.
You continue taking off your +0 scale mail. x4
You finish taking off your +0 scale mail.
You start putting on your armour.
You continue putting on your +0 chain mail. x5
Zot has nearly found you.
Suffering is imminent.
Descend or flee this branch!
You finish putting on your +0 chain mail.
You drop a +0 scale mail.
b - 2 viscous pink potions Zot's power touches on you...
No target in view!
No target in view!
No target in view!
No target in view!
No target in view!
No target in view!
No target in view!
No target in view!
You see here a +0 scale mail.
n - a sedimented cyan potion No target in view!
No target in view!
No target in view!
Found a cloak.
You see here a +0 cloak.
Found a chain mail.
Search for what [? for help]?
Okay, then.
Are you sure you want to abandon this character and quit the game? (Confirm with "yes".)

#..# #.#[#.#.####.#
#..#####.#.#.#.####.# #
#..........#.#...[..### .
#..#####...#.######.#^#* #
#..# #...#.# ###### # #..#
#...#.#######...###
#..#####...........'.>.'..
#............#######...##.
##.######@...>..# ###.####
#. #....##### #Z#.#^## *
#..#....*#####.###
,,........##Z#...#Z#
**##..##.#.####.#####
#..#*...##Z#.#Z# ## #..#
...####.### #. *..[#
*..##Z#.#Z# ## ###.#### #


There were no monsters in sight!

Vanquished Creatures
  3 ball pythons (D:1)
  3 bats (D:1)
  4 endoplasms (D:1)
  2 goblins (D:1)
  A hobgoblin (D:1)
  A quokka (D:1)
  3 frilled lizards (D:1)
  A kobold (D:1)
  2 rats (D:1)
20 creatures vanquished.

Notes
Turn   | Place    | Note
-------+----------+-------------------------------------------
     0 | D:1      | Dittersdorf the Meteoran Fighter began the quest for the
                  | Orb.
     0 | D:1      | Reached XP level 1. HP: 19/19 MP: 2/2
     1 | D:1      | Noticed a demonspawn zombie
    11 | D:1      | Noticed a merfolk zombie
    15 | D:1      | Noticed a demonspawn zombie
    19 | D:1      | Noticed a merfolk zombie
    92 | D:1      | Reached XP level 2. HP: 26/26 MP: 3/3
   442 | D:1      | Reached XP level 3. HP: 28/31 MP: 4/4
   482 | D:1      | Glimpsed the power of Zot.
   501 | D:1      | Found Belirchen's General Store.
   531 | D:1      | Glimpsed the power of Zot.
   568 | D:1      | Glimpsed the power of Zot.
   578 | D:1      | Touched by the power of Zot (MHP 31 -> 23)
   636 | D:1      | Quit the game

Illustrated notes

Levels and vault maps discovered:
D:1:      shiori_arrival_whats_in_store_for_you, layout_loops_ring,
          serial_shops, shop

Action                     || total
---------------------------++-------
  Melee: Long sword        ||    72
 Armour: Scale mail        ||    63
  Dodge: Dodged            ||    47
  Block: Buckler           ||    23

Table legend: (Time is in decaauts)
 A = Elapsed time spent in this place.
 B = Non-inter-level travel time spent in this place.
 C = Inter-level travel time spent in this place.
 D = Time resting spent in this place.
 E = Time spent auto-exploring this place.
 F = Levels seen in this place.
 G = Mean time per level.
                   A        B        C        D        E       F      G
               +--------+--------+--------+--------+--------+-----+--------+
         Total |    657 |    657 |      0 |      0 |    475 |   1 |  657.0 |
       Dungeon |    657 |    657 |      0 |      0 |    475 |   1 |  657.0 |
               +--------+--------+--------+--------+--------+-----+--------+

Top non-repeatable levels by time:
     D:1: 657 daAuts
